 Dungeon Crawl Stone Soup version 0.20.0-7-g3b7b877 (webtiles) character file.

3166 ChaseSP the Cleaver (level 9, -1/81 HPs)
             Began as a Hill Orc Fighter on May 28, 2017.
             Was a Priest of Okawaru.
             Slain by a wolf (8 damage)
             ... led by Grum
             ... on level 8 of the Dungeon on May 29, 2017.
             The game lasted 00:13:19 (6194 turns).

ChaseSP the Cleaver (Hill Orc Fighter)              Turns: 6194, Time: 00:13:19

Health: -1/81      AC: 15    Str: 19    XL:     9   Next: 94%
Magic:  9/9        EV:  5    Int:  8    God:    Okawaru [***...]
Gold:   315        SH:  9    Dex: 13    Spells: 8/8 levels left

rFire    + . .     SeeInvis .   a - +1 war axe
rCold    x . .     Gourm    .   c - +0 shield
rNeg     . . .     Faith    +   I - +1 plate armour (curse)
rPois    .         Spirit   .   l - +0 helmet
rElec    .         Reflect  .   (no cloak)
rCorr    .         Harm     .   v - +0 pair of gloves
MR       .....                  (no boots)
Stlth    ..........             N - amulet of faith
Regen    0.3/turn               C - ring of fire
MPRegen  0.2/turn               (no ring)

@: no status effects
A: no striking features
a: Heroism, Renounce Religion


You were on level 8 of the Dungeon.
You worshipped Okawaru.
Okawaru was most pleased with you.
You were hungry.

You visited 2 branches of the dungeon, and saw 9 of its levels.

You collected 315 gold pieces.

Inventory:

Hand Weapons
 a - a +1 war axe (weapon)
 x - a +0 flail
Armour
 c - a +0 shield (worn)
 l - a +0 helmet (worn)
 v - a +0 pair of gloves (worn)
 I - a cursed +1 plate armour (worn)
Jewellery
 u - an uncursed amulet of rage
 C - a ring of fire (left hand)
 N - an amulet of faith (around neck)
Wands
 b - a wand of confusion (34/48)
 d - a wand of flame (22/48)
 z - a wand of polymorph (5/24)
 F - a wand of iceblast (5/15)
Scrolls
 e - 4 scrolls of enchant weapon
 h - 3 scrolls of remove curse
 i - a scroll of enchant armour
 j - 3 scrolls of recharging
 m - a scroll of random uselessness {unknown}
 q - 2 scrolls of magic mapping {unknown}
 t - 3 scrolls of immolation
 y - 3 scrolls of teleportation {unknown}
 D - 5 scrolls of identify {unknown}
 G - a scroll of amnesia {unknown}
 J - a scroll of fog {unknown}
Potions
 g - 2 potions of mutation {unknown}
 k - a potion of heal wounds {unknown}
 o - 3 potions of brilliance {unknown}
 p - 3 potions of curing
 r - a potion of flight {unknown}
 s - a potion of lignification
 A - a potion of haste {unknown}
 H - a potion of degeneration {unknown}
 K - 2 potions of magic {unknown}
Books
 M - a book of Necromancy

   Spells                             Type                      Level
   a - Pain                           Necromancy                   1
   b - Animate Skeleton               Necromancy                   1
   c - Vampiric Draining              Necromancy                   3
   d - Regeneration                   Charms/Necromancy            3
   e - Animate Dead                   Necromancy                   4
   f - Control Undead                 Necromancy                   4
 O - a book of Clouds

   Spells                             Type                      Level
   a - Poisonous Vapours              Poison/Air                   2
   b - Mephitic Cloud                 Conjuration/Poison/Air       3
   c - Conjure Flame                  Conjuration/Fire             3
   d - Freezing Cloud                 Conjuration/Ice/Air          6
   e - Ring of Flames                 Charms/Fire                  7
Comestibles
 f - 6 bread rations
 n - 7 royal jellies
 E - 5 meat rations
 L - 2 fruits
 P - 2 chunks of flesh


   Skills:
 + Level 7.8 Fighting
 * Level 13.8 Axes
 - Level 5.0 Armour
 + Level 3.4 Dodging
 - Level 3.2 Shields


You had 8 spell levels left.
You didn't know any spells.

Dungeon Overview and Level Annotations

Branches:
Dungeon (8/15)             Temple (1/1) D:4
   Lair: D:8-11

Altars:
Ashenzari
Cheibriados
Dithmenos
Fedhas
Gozag
Hepliaklqana
Kikubaaqudgha
Makhleb
Nemelex Xobeh
Okawaru
Qazlal
Ru
Sif Muna
Trog
Uskayaw
Vehumet
Xom
Yredelemnul
Zin
The Shining One

Shops:
D:5 *   D:6 ?

Annotations:
D:8 Grum


Message History

You hit the wolf but do no damage.
The wolf is heavily wounded.
Grum hits you from afar with an enchanted spear!
* * * LOW HITPOINT WARNING * * *
The wolf barely misses you.
You slash the wolf!
You kill the wolf!
Okawaru accepts your kill. Grum hits you but does no damage.
You slash the wolf!
The wolf is heavily wounded.
The wolf bites you!
* * * LOW HITPOINT WARNING * * *
Grum completely misses you. The wolf bites you.
* * * LOW HITPOINT WARNING * * *
You hit the wolf.
The wolf is severely wounded.
The wolf bites you but does no damage. You block Grum's attack.
The wolf bites you!
You die...

....g. ..#... .. ......
...#. #...... #.....
.......
.......########gg....h
#............hhg.g.....
..............@##g##....
#...............### #
#...............#
#...............#
#...............# .... .
#...............# #.....
#.............## #...#.
#####...........##
#######.....
...........##..##
###.#.....# #.


You could see 2 wolves and 4 gnolls.

Vanquished Creatures
  The ghost of sleeves the Carver, a novice DsMo of Dithmenos (D:8)
  A hippogriff (D:7)
  Sigmund (D:3)
  Eustachio (D:5)
  Menkaure (D:7)
  A steam dragon (D:7)
  An ice beast (D:5)
  A black bear (D:7)
  A necrophage (D:7)
  2 wolves (D:8)
  3 centaurs
  5 bullfrogs
  A gnoll sergeant (D:4)
  2 howler monkeys (D:7)
  A crimson imp (D:7)
  2 jellies
  2 orc priests
  2 hounds
  An orc wizard (D:6)
  An iguana (D:5)
  6 worker ants
  A howler monkey zombie (D:6)
  2 worker ant zombies (D:6)
  4 gnolls
  12 adders
  3 shadow imps
  3 oozes
  2 adder skeletons
  An adder zombie (D:7)
  2 worms
  2 dart slugs
  2 leopard geckos
  8 orcs
  6 bats
  4 giant cockroaches
  8 goblins
  8 hobgoblins
  9 jackals
  8 kobolds
  3 quokkas
  2 ball pythons
  4 frilled lizards
  2 leopard gecko skeletons
  9 rats
142 creatures vanquished.

Vanquished Creatures (others)
  A jackal (D:7)
1 creature vanquished.

Grand Total: 143 creatures vanquished

Notes
Turn   | Place    | Note
-------+----------+-------------------------------------------
     0 | D:1      | ChaseSP the Hill Orc Fighter began the quest for the Orb.
     0 | D:1      | Reached XP level 1. HP: 19/19 MP: 1/1
    20 | D:1      | Reached skill level 3 in Axes
    92 | D:1      | Reached XP level 2. HP: 24/26 MP: 2/2
   113 | D:1      | Reached skill level 4 in Axes
   355 | D:1      | Reached XP level 3. HP: 22/31 MP: 3/3
   977 | D:2      | Found a faded altar of an unknown god.
  1021 | D:2      | Reached skill level 5 in Axes
  1228 | D:2      | Reached XP level 4. HP: 32/39 MP: 4/4
  1454 | D:3      | Reached skill level 6 in Axes
  1805 | D:3      | Reached XP level 5. HP: 44/45 MP: 5/5
  2084 | D:3      | Noticed Sigmund
  2088 | D:3      | Killed Sigmund
  2088 | D:3      | Reached skill level 8 in Axes
  2088 | D:3      | Reached XP level 6. HP: 49/51 MP: 6/6
  2441 | D:4      | Found a staircase to the Ecumenical Temple.
  2449 | Temple   | Entered the Ecumenical Temple
  2537 | D:4      | Found a shimmering altar of Xom.
  2856 | D:4      | Reached skill level 9 in Axes
  3203 | D:4      | Reached XP level 7. HP: 58/58 MP: 7/7
  3299 | D:4      | You fall through a shaft!
  3299 | D:5      | Entered Level 5 of the Dungeon
  3323 | D:5      | Found Ymonuab's Elemental Accessories.
  3363 | D:5      | Noticed Eustachio
  3389 | D:5      | Killed Eustachio
  3389 | D:5      | Reached skill level 10 in Axes
  3398 | D:5      | Found a hazy altar of Hepliaklqana.
  3398 | D:5      | Found a sparkling altar of Nemelex Xobeh.
  3399 | D:5      | Found a sacrificial altar of Ru.
  3401 | D:5      | Found an iron altar of Okawaru.
  3401 | D:5      | Found a bloodstained altar of Trog.
  3402 | D:5      | Found an ancient bone altar of Kikubaaqudgha.
  3421 | D:5      | Became a worshipper of Warmaster Okawaru
  3912 | D:5      | Found a glowing golden altar of the Shining One.
  3998 | D:5      | Found a hide-covered altar of Uskayaw.
  4016 | D:5      | Reached skill level 5 in Fighting
  4016 | D:5      | Reached XP level 8. HP: 52/68 MP: 8/8
  4282 | D:5      | Reached * piety under Okawaru
  4282 | D:5      | Reached skill level 11 in Axes
  4448 | D:6      | Found a glowing silver altar of Zin.
  5065 | D:6      | Found Wejoesk's Magic Scroll Emporium.
  5110 | D:6      | Reached skill level 5 in Armour
  5250 | D:7      | Reached skill level 12 in Axes
  5263 | D:7      | Reached skill level 1 in Dodging
  5300 | D:7      | Noticed Menkaure
  5307 | D:7      | Killed Menkaure
  5307 | D:7      | Reached ** piety under Okawaru
  5307 | D:7      | Reached XP level 9. HP: 66/77 MP: 9/9
  5422 | D:7      | Found a shattered altar of Ashenzari.
  6011 | D:7      | Reached skill level 13 in Axes
  6121 | D:8      | Noticed Grum
  6121 | D:8      | Noticed sleeves's ghost (novice DsMo)
  6176 | D:8      | Killed sleeves's ghost
  6176 | D:8      | Reached *** piety under Okawaru
  6194 | D:8      | Slain by a wolf

Skill      XL: |  1  2  3  4  5  6  7  8  9 |
---------------+----------------------------+-----
Axes           | 3 4 5 6 8 9 10 12 13 | 13.8
Fighting       | 5 6 7 |  7.8
Armour         | 5 |  5.0
Dodging        | 1 3 |  3.4
Shields        | |  3.2

Action                   |  1- 3 |  4- 6 |  7- 9 || total
-------------------------+-------+-------+-------++-------
Melee: War axe           |   116 |   120 |   314 ||   550
Invok: Heroism           |       |       |     1 ||     1
  Use: Scroll            |       |     2 |     3 ||     5
       Potion            |       |       |     4 ||     4
  Eat: Chunk             |     1 |     6 |    10 ||    17
Armor: Scale mail        |    47 |    10 |       ||    57
       Chain mail        |       |    50 |    27 ||    77
       Plate armour      |       |       |   132 ||   132
       Skin              |       |       |    36 ||    36
Dodge: Dodged            |    48 |    25 |    54 ||   127
Block: Shield            |    68 |    59 |   159 ||   286
